 Dungeon Crawl Stone Soup version 0.29-a0-841-g116ddc6ace (webtiles) character file.

Game seed: 16654956296975048114

11844 hquester1 the Protected (level 11, -1/99 HPs)
             Began as a Minotaur Fighter on July 14, 2022.
             Was a High Priest of Okawaru.
             Slain by Sonja
             ... wielding a +2 dagger of distortion
              (4 damage)
             ... on level 2 of the Lair of Beasts.
             The game lasted 00:39:54 (10740 turns).

hquester1 the Protected (Minotaur Fighter)         Turns: 10740, Time: 00:39:54

Health: -1/99      AC: 30    Str: 23    XL:     11   Next: 54%
Magic:  0/12       EV: 11    Int:  3    God:    Okawaru [*****.]
Gold:   60         SH: 15    Dex: 12    Spells: 10/10 levels left

rFire   . . .      SeeInvis .   a - +1 war axe (venom)
rCold   . . .      Faith    .   k - +2 kite shield {AC+3}
rNeg    + . .      Spirit   +   y - +0 plate armour
rPois   .          Reflect  .   x - +1 hat
rElec   .          Harm     .   p - +2 cloak
rCorr   +          Rampage  .   I - +3 pair of gauntlets of War {Slay+5}
Will    .....                   t - +0 pair of boots
Stlth   ..........              m - amulet of guardian spirit
HPRegen 0.26/turn               e - ring of positive energy
MPRegen 0.13/turn               c - ring of resist corrosion

@: lethally poisoned (-1 -> -5), heroic, slowed, very slow
A: horns 2, retaliatory headbutt, dopey 1
a: Renounce Religion, Heroism, Finesse, Duel


You were on level 2 of the Lair of Beasts.
You worshipped Okawaru.
Okawaru was extremely pleased with you.
You visited 3 branches of the dungeon, and saw 13 of its levels.
You visited the Abyss 1 time.

You collected 630 gold pieces.
You spent 570 gold pieces at shops.

Inventory:

Hand Weapons
 a - a +1 war axe of venom (weapon)
 r - a +0 vorpal flail
Missiles
 q - 2 throwing nets (quivered)
Armour
 k - a +2 kite shield of protection (worn)
 p - a +2 cloak (worn)
 s - the +0 animal skin of Sunlight {Fly Slay+2 SInv}
   (Okawaru gifted it to you on level 2 of the Abyss)

   Slay:      It affects your accuracy & damage with ranged weapons and melee
   (+2).
   SInv:      It lets you see invisible.
   Fly:       It grants you flight.
 t - a +0 pair of boots (worn)
 x - a +1 hat (worn)
 y - a +0 plate armour (worn)
 I - the +3 pair of gauntlets of War (worn) {Slay+5}
   (You bought it in a shop on level 6 of the Dungeon)

   Slay:      It affects your accuracy & damage with ranged weapons and melee
   (+5).
Jewellery
 c - a ring of resist corrosion (right hand)
 e - a ring of positive energy (left hand)
 m - an amulet of guardian spirit (around neck)
Wands
 D - a wand of polymorph (18)
 H - a wand of flame (43)
Scrolls
 f - a scroll of torment
 h - a scroll of vulnerability
 i - 3 scrolls of poison
 o - 3 scrolls of teleportation
 u - 2 scrolls of amnesia
 C - a scroll of fog
 F - a scroll of silence
Potions
 b - 5 potions of curing
 d - 2 potions of might
 g - 2 potions of haste
 j - 2 potions of cancellation
 l - 5 potions of heal wounds
 n - 2 potions of mutation
 v - a potion of flight {unknown}
 w - a potion of invisibility
 z - a potion of berserk rage {unknown}
 A - 3 potions of attraction
 B - 2 potions of resistance
 E - a potion of magic {unknown}
 G - 2 potions of lignification {unknown}


   Skills:
 + Level 9.7(14.7) Fighting
 + Level 9.2(15.4) Axes
 + Level 7.8(14.8) Maces & Flails
 + Level 9.8(14.8) Armour
 + Level 7.9(12.9) Dodging
 + Level 9.6(14.6) Shields
 + Level 3.5 Invocations
 + Level 2.9 Evocations


You had 10 spell levels left.
You didn't know any spells.
Your spell library contained the following spells:

 Spells                   Type           Power      Damage    Failure   Level
 Sting                    Tmut/Pois      0%         1d3       100%        1
 Petrify                  Tmut/Erth      0%         N/A       100%        4
 Statue Form              Tmut/Erth      0%         N/A       100%        6
 Necromutation            Tmut/Necr      0%         N/A       100%        8
 Summon Small Mammal      Summ           Unusable   N/A       N/A         1
 Call Canine Familiar     Summ           Unusable   N/A       N/A         3
 Summon Guardian Golem    Hex/Summ       Unusable   N/A       N/A         3

Dungeon Overview and Level Annotations

Branches:
Dungeon (10/15)            Temple (1/1) D:5            Lair (2/6) D:8
  Swamp: Lair:2-4    Shoals: Lair:2-4     Snake: Lair:2-4    Spider: Lair:2-4
    Orc: D:9-12

Altars:
Ashenzari
Cheibriados
Dithmenos
Elyvilon
Fedhas
Gozag
Hepliaklqana
Kikubaaqudgha
Makhleb
Nemelex Xobeh
Okawaru
Qazlal
Ru
Sif Muna
Trog
Uskayaw
Vehumet
Wu Jian
Xom
Yredelemnul
Zin
The Shining One

Shops:
D:2 (![(*   D:4 =   D:6 [   D:10 !

Annotations:
D:9 1 runed translucent door, kevlar127's ghost, novice TrBe
Lair:2 Sonja


Innate Abilities, Weirdness & Mutations

You have a pair of horns on your head.
You reflexively headbutt those who attack you in melee.
You are dopey. (Int -2)


Message History

Okawaru grants you armour! Something appears at your feet!
You see here the +0 animal skin of Sunlight {Fly Slay+2 SInv}.
The starspawn tentacle loses its grip on you.
The starspawn's tentacles wither and die.
s - the +0 animal skin of Sunlight {Fly Slay+2 SInv} The substance of the Abyss twists violently, and a gateway leading out appears!
You pass through the gate.
Welcome back to the Lair of Beasts!
You hear a distant snort.
Hark!
There is a gateway to a gauntlet on this level.
Find the entrance quickly before the gate is sealed!
The walls and floor vibrate strangely for a moment.
Level annotation: Sonja Sonja casts a spell.
Sonja blinks!
You block the komodo dragon's attack.
Sonja throws a curare-tipped dart.
You block the curare-tipped dart. The komodo dragon closely misses you.
Sonja throws a curare-tipped dart.
The curare-tipped dart hits you.
You are poisoned.
You have difficulty breathing.
You feel yourself slow down.
You gain the combat prowess of a mighty hero.
You feel very sick. The komodo dragon bites you!
You block the komodo dragon's attack.
You feel very sick.
You block Sonja's attack. x2; Sonja hits you but does no damage.
Sonja hits you with a +2 dagger of distortion.
* * * LOW HITPOINT WARNING * * *
Space warps around you.
* * * LOW HITPOINT WARNING * * *
Sonja closely misses you. x2
You miss Sonja. You closely miss the komodo dragon.
You feel sick. Sonja hits you but does no damage.
Space warps horribly around you!!
* * * LOW HITPOINT WARNING * * *
You block Sonja's attack. Sonja hits you but does no damage.
The komodo dragon barely misses you. You block Sonja's attack.
Sonja hits you but does no damage.
Sonja hits you with a +2 dagger of distortion.
* * * LOW HITPOINT WARNING * * *
Space warps around you.
You die...

###............
#...........P..
##.............
#..............
##.............
##..............
#..#............
##.#...l..<.....
##....@..P.....
#.....K.[.....P.
##.............. .
#..............#..
#...............
#...............
#............#.
##...........####
#.....[.........#####


You could see a komodo dragon and Sonja.

Vanquished Creatures
  A bone dragon (Abyss:2)
  A tentacled starspawn (Abyss:2)
  Pikel (D:5)
  A black mamba (Lair:2)
  3 komodo dragons
  An unseen horror (Abyss:2)
  An ice devil (Abyss:2)
  Grinder (D:4)
  A troll (D:9)
  A raiju (Abyss:2)
  A hornet (D:8)
  9 yaks
  A wraith (Abyss:2)
  3 wyverns (D:8)
  A basilisk (D:8)
  A steam dragon (D:7)
  Eustachio (D:4)
  A neqoxec (Abyss:2)
  2 vampire mosquitoes (D:10)
  Edmund (D:4)
  Duvessa (D:5)
  An acid dragon (D:9)
  3 water moccasins (D:8)
  4 orc warriors
  A sky beast (D:7)
  7 centaurs
  An ogre (D:6)
  A small abomination (Abyss:2)
  A phantom (D:5)
  5 bullfrogs
  A kobold brigand (D:7)
  2 scorpions
  A gnoll sergeant (D:9)
  A necrophage (D:5)
  Dowan (D:5)
  8 wights
  5 hounds
  2 gnoll boudas
  3 jellies
  3 orc priests (D:8)
  3 iguanas
  An orc wizard (D:4)
  Terence (D:2)
  A mummy (D:4)
  Robin (D:3)
  24 gnolls
  9 adders
  2 white imps
  An ufetubus (Abyss:2)
  2 dart slugs (D:1)
  38 orcs
  7 endoplasms
  3 giant cockroaches
  12 goblins
  7 hobgoblins
  4 jackals (D:3)
  11 kobolds
  6 quokkas
  10 ball pythons
  5 bats
  6 frilled lizards
  5 rats
  A starspawn tentacle (Abyss:2)
245 creatures vanquished.

Vanquished Creatures (others)
  An orc (D:7)
  7 fungi
  17 plants
  6 starspawn tentacles (Abyss:2)
31 creatures vanquished.

Grand Total: 276 creatures vanquished

Notes
Turn   | Place    | Note
-------+----------+-------------------------------------------
     0 | D:1      | hquester1 the Minotaur Fighter began the quest for the Orb.
     0 | D:1      | Reached XP level 1. HP: 19/19 MP: 0/0
    99 | D:1      | Reached XP level 2. HP: 27/27 MP: 1/1
   311 | D:1      | Found a faded altar of an unknown god.
   634 | D:1      | Reached XP level 3. HP: 33/33 MP: 2/2
  1085 | D:2      | Found Xoirus Luwko's General Store.
  1086 | D:2      | Reached skill level 1 in Dodging
  1130 | D:2      | Noticed Terence
  1141 | D:2      | Killed Terence
  1142 | D:2      | Reached XP level 4. HP: 37/40 MP: 3/3
  1167 | D:2      | Found Kih Kycu's Distillery.
  1172 | D:2      | Found Menabuatz's Antique Weapon Boutique.
  1322 | D:2      | Found Sigg's Weapon Shop.
  1677 | D:2      | Found Qar Lur's Armour Emporium.
  1988 | D:3      | Noticed Robin
  1997 | D:3      | Killed Robin
  2586 | D:4      | Found Lelucoja's Jewellery Emporium.
  2651 | D:4      | Reached XP level 5. HP: 47/47 MP: 4/4
  2774 | D:4      | Noticed Eustachio
  2821 | D:4      | Killed Eustachio
  2822 | D:4      | Reached skill level 5 in Fighting
  2822 | D:4      | Reached skill level 5 in Armour
  2822 | D:4      | Reached XP level 6. HP: 11/56 MP: 5/5
  3120 | D:4      | Noticed Edmund
  3126 | D:4      | Killed Edmund
  3127 | D:4      | Reached skill level 5 in Shields
  3532 | D:4      | Found a snail-covered altar of Cheibriados.
  3576 | D:4      | Reached XP level 7. HP: 57/61 MP: 6/6
  3643 | D:4      | Noticed Grinder
  3645 | D:4      | Paralysed by Grinder for 4 turns
  3654 | D:4      | Killed Grinder
  3655 | D:4      | Reached skill level 1 in Maces & Flails
  3940 | D:4      | Reached skill level 5 in Axes
  4016 | D:5      | Entered Level 5 of the Dungeon
  4186 | D:5      | Got the Folio of Metamorphosis
  4195 | D:5      | Noticed Pikel
  4212 | D:5      | Killed Pikel
  4213 | D:5      | Reached XP level 8. HP: 19/71 MP: 7/7
  4547 | D:5      | Found a staircase to the Ecumenical Temple.
  4558 | Temple   | Entered the Ecumenical Temple
  4588 | Temple   | Became a worshipper of Warmaster Okawaru
  4792 | D:5      | You fall into a shaft and drop 1 floor!
  5096 | D:5      | Found a stormy altar of Qazlal.
  5099 | D:5      | Noticed Dowan
  5101 | D:5      | Noticed Duvessa
  5107 | D:5      | Killed Dowan
  5108 | D:5      | Reached skill level 5 in Dodging
  5117 | D:5      | Killed Duvessa
  5518 | D:5      | Reached XP level 9. HP: 73/79 MP: 8/8
  5595 | D:6      | Found Deizic's Armour Shop.
  6310 | D:7      | Reached * piety under Okawaru
  6547 | D:7      | Reached skill level 5 in Maces & Flails
  6975 | D:8      | Found an opulent altar of Gozag.
  7107 | D:8      | Reached ** piety under Okawaru
  7110 | D:8      | Reached XP level 10. HP: 88/88 MP: 9/9
  7131 | D:8      | Found a staircase to the Lair.
  7379 | D:8      | Reached *** piety under Okawaru
  8009 | D:8      | Found a burning altar of Makhleb.
  8171 | D:9      | Found a runed translucent door.
  8172 | D:9      | Noticed kevlar127's ghost (novice TrBe)
  8673 | D:9      | Found a blossoming altar of Fedhas.
  8687 | D:9      | Received a gift from Okawaru
  8692 | D:9      | Reached skill level 1 in Invocations
  8923 | D:10     | Entered Level 10 of the Dungeon
  8964 | D:10     | Reached skill level 1 in Evocations
  9077 | D:10     | Reached **** piety under Okawaru
  9408 | D:10     | Found Wetunipu's Distillery.
  9594 | D:6      | Bought the +3 pair of gauntlets of War {Slay+5} for 570
                  | gold pieces
  9594 | D:6      | Found the +3 pair of gauntlets of War {Slay+5}
  9668 | Lair:1   | Entered Level 1 of the Lair of Beasts
  9783 | Lair:1   | Reached XP level 11. HP: 85/97 MP: 9/11
 10339 | Lair:2   | Noticed Sonja
 10345 | Lair:2   | Reached ***** piety under Okawaru
 10347 | Abyss:2  | Cast into level 2 of the Abyss (Sonja)
 10419 | Abyss:2  | Noticed a shadow demon
 10421 | Abyss:2  | Noticed a cacodemon
 10421 | Abyss:2  | Noticed a sixfirhy
 10557 | Abyss:2  | Noticed a bone dragon
 10597 | Abyss:2  | Killed a bone dragon
 10670 | Abyss:2  | Gained mutation: You are dopey. (Int -2) [a neqoxec]
 10725 | Abyss:2  | Noticed a tentacled starspawn
 10728 | Abyss:2  | Noticed a tentacled starspawn
 10734 | Abyss:2  | Killed a tentacled starspawn
 10734 | Abyss:2  | Identified the +0 animal skin of Sunlight {Fly Slay+2 SInv}
                  | (Okawaru gifted it to you on level 2 of the Abyss)
 10734 | Abyss:2  | Received a gift from Okawaru
 10737 | Lair:2   | Escaped the Abyss
 10740 | Lair:2   | HP: 4/99 [Sonja/+2 dagger of distortion (18)]
 10740 | Lair:2   | Slain by Sonja

Illustrated notes

Levels and vault maps discovered:
D:1:      amcnicky_arrival_double_pillar, layout_basic,
          hellmonk_ecumenical_altar_slurped_away, minmay_misc_feat_encased,
          minmay_lizard_pond
D:2:      layout_basic, serial_shops, nicolae_shop_waterfront, shop_coins, shop,
          shop, shop, serial_bayou_pond_a, uniq_terence
D:3:      layout_loops_ring, uniq_robin
D:4:      layout_loops_ring, slow_altar_2, serial_shops, shop,
          minmay_misc_feat_iff, grunt_ministairs_14, uniq_grinder,
          uniq_eustachio, uniq_edmund
D:5:      layout_loops_ring, grunt_qazlal_sundering, temple_pool_b,
          chequers_garden, uniq_pikel, uniq_duvessa
D:6:      layout_basic, serial_shops, shop
D:7:      layout_basic
D:8:      layout_cave_pods, mainiacjoe_overflow_big_doors,
          minmay_lair_entry_grove, special_room [special_room_orc],
          minmay_misc_feat_secret_circle
D:9:      layout_roguey, fedhas_altar_1, ebering_ghost_reflecting_pool,
          dreamdust_princess_bridge
D:10:     layout_gridville, serial_shops, shop_statue
Temple:   minmay_crystal_spiral_temple
Lair:1:   layout_gridlike
Lair:2:   layout_cave_shapes, gauntlet_entry_generic,
          hangedman_lair_generics_rect, grunt_megastairs_2, uniq_urug,
          uniq_sonja, uniq_nergalle

Skill      XL: |  1  2  3  4  5  6  7  8  9 10 11 |
---------------+----------------------------------+-----
Fighting       | 4 5 6 7 8 9 |  9.7
Armour         | 4 5 6 7 8 9 |  9.8
Shields        | 4 5 6 8 9 |  9.6
Axes           | 3 4 5 6 7 8 9 |  9.2
Dodging        | 1 2 3 4 5 6 7 |  7.9
Maces & Flails | 3 4 5 7 |  7.8
Invocations    | 2 3 |  3.5
Evocations     | 1 2 |  2.9

Action                   |  1- 3 |  4- 6 |  7- 9 | 10-12 || total
-------------------------+-------+-------+-------+-------++-------
Melee: War axe           |    82 |   147 |   214 |   259 ||   702
       Headbutt          |    11 |    14 |    45 |    70 ||   140
Invok: Heroism           |       |       |       |     2 ||     2
Evoke: Wand              |       |       |     2 |       ||     2
  Use: Potion            |       |     2 |     4 |     1 ||     7
       Scroll            |       |       |    17 |     5 ||    22
Armor: Scale mail        |    25 |       |       |       ||    25
       Chain mail        |    10 |   100 |   106 |    18 ||   234
       Plate armour      |       |       |       |   108 ||   108
Dodge: Dodged            |    18 |    39 |    83 |    94 ||   234
Block: Buckler           |     2 |       |       |       ||     2
       Kite shield       |    39 |    86 |   161 |   215 ||   501

Table legend: (Time is in decaauts)
 A = Elapsed time spent in this place.
 B = Non-inter-level travel time spent in this place.
 C = Inter-level travel time spent in this place.
 D = Time resting spent in this place.
 E = Time spent auto-exploring this place.
 F = Levels seen in this place.
 G = Mean time per level.
                   A        B        C        D        E       F      G
               +--------+--------+--------+--------+--------+-----+--------+
         Total |  10969 |  10377 |    592 |    716 |   7496 |  14 |  783.5 |
       Dungeon |   9666 |   9186 |    480 |    617 |   6700 |  10 |  966.6 |
        Temple |    214 |    130 |     84 |      0 |    112 |   1 |  214.0 |
          Lair |    687 |    660 |     27 |      0 |    595 |   2 |  343.5 |
         Abyss |    401 |    401 |      0 |     99 |     89 |   1 |  401.0 |
               +--------+--------+--------+--------+--------+-----+--------+

Top non-repeatable levels by time:
     D:4: 1557 daAuts
     D:5: 1297 daAuts
     D:8: 1234 daAuts
     D:2: 916 daAuts
     D:6: 900 daAuts
     D:9: 896 daAuts
     D:1: 882 daAuts
     D:3: 785 daAuts
     D:7: 622 daAuts
  Lair:1: 618 daAuts
    D:10: 573 daAuts
 Abyss:2: 401 daAuts
  Temple: 214 daAuts
  Lair:2: 68 daAuts
